 Dungeon Crawl Stone Soup version 0.29.0-4-gdea44cf6ec (webtiles) character file.

Game seed: 6419700493188841204

44 qw the Chopper (level 3, 0/21 HPs)
             Began as a Tengu Warper on Aug 28, 2022.
             Slain by Robin
             ... wielding a +0 club
              (3 damage)
             ... on level 2 of the Dungeon.
             The game lasted 00:00:08 (1243 turns).

qw the Chopper (Tengu Warper)                       Turns: 1243, Time: 00:00:09

Health: 0/21       AC:  3    Str: 13    XL:     3   Next: 62%
Magic:  7/7        EV: 12    Int: 13    God:
Gold:   101        SH:  0    Dex: 13    Spells: 6/6 levels left

rFire   . . .      SeeInvis .   Y - +0 hand axe (vorpal)
rCold   . . .      Faith    .   (no shield)
rNeg    . . .      Spirit   .   b - +0 leather armour
rPois   .          Reflect  .   (helmet restricted)
rElec   .          Harm     .   (no cloak)
rCorr   .          Rampage  .   (no gloves)
Will    .....                   (boots unavailable)
Stlth   +.........              d - amulet of the acrobat
HPRegen 0.07/turn               (no ring)
MPRegen 0.10/turn               (no ring)

@: no status effects
A: beak, talons 3
a: no special abilities


You were on level 2 of the Dungeon.
You visited 1 branch of the dungeon, and saw 2 of its levels.

You collected 101 gold pieces.


Innate Abilities, Weirdness & Mutations

You have a beak for a mouth.
You have claws for feet.


   Skills:
 - Level 2.0 Fighting
 + Level 4.3 Axes
 - Level 1.0 Throwing
 - Level 1.1 Armour
 - Level 2.1 Dodging
 - Level 2.0 Spellcasting
 - Level 2.4 Translocations


You had 6 spell levels left.
You didn't know any spells.
Your spell library contained the following spells:

 Spells                   Type           Power      Damage    Failure   Level
 Blink                    Tloc           14%        N/A       19%         2
 Gell's Gravitas          Tloc           7%         N/A       36%         3
 Lesser Beckoning         Tloc           7%         N/A       36%         3
 Teleport Other           Tloc           7%         N/A       36%         3
 Manifold Assault         Tloc           7%         N/A       98%         5

Inventory:

Hand Weapons
 i - a +0 mace
 Y - a +0 vorpal hand axe (weapon)
Armour
 b - a +0 leather armour (worn)
Jewellery
 d - an amulet of the acrobat (around neck)
Potions
 g - a potion of heal wounds {unknown}

Dungeon Overview and Level Annotations

Branches:
Dungeon (2/15)

Altars:

Annotations:
D:2 Robin, Sigmund


Message History

The hobgoblin misses you. The goblin hits you with a +0 club.
A hobgoblin comes into view.
You hit the goblin. Your kick misses the goblin.
The goblin is severely wounded.
You closely miss something. You hit the hobgoblin but do no damage.
You hit the jackal. You hit the goblin.
You kill the goblin!
You hit the goblin.
You kill the goblin!
The jackal bites you but does no damage.
Robin roars a battlecry!
The goblins go into a battle-frenzy!
The goblin barely misses you.
The hobgoblin hits you but does no damage.
The jackal completely misses you.
You barely miss the goblin.
The goblin is severely wounded.
You hit the jackal.
You kill the jackal!
You barely miss the goblin. You hit the goblin but do no damage.
You hit something. You hit the hobgoblin but do no damage.
You hear some strange, mumbled words.
A puff of flame appears from out of thin air!
The puff of flame misses you.
The puff of flame hits the hobgoblin!
The hobgoblin dies!
Robin says, "Bow before me, strongest of all the hobgoblins!"
The goblin closely misses you. The goblin barely misses you.
A goblin comes into view. It is wielding a +0 club.
Something hits you.
You closely miss the goblin.
The goblin is severely wounded.
You miss something. You closely miss the goblin. You hit the goblin.
You kill the goblin!
The goblin misses you. The goblin closely misses you.
You slash the goblin!
You kill the goblin!
You barely miss something. You closely miss the goblin.
You hit the jackal but do no damage. You hit Robin.
Robin hits you with a +0 club.
You die...

#... #..h ... ..
.# # ##### ##.#.#
#...#####{.hg#..#
#.......)@hg...g#
#.>.#####ggg.g...
##.## ##.##...#
#<# g# .#. #.# ..
#.# .#. #.# ....
#.# .. .. #.#


You could see Robin, 2 jackals, 4 hobgoblins and 3 goblins.

Vanquished Creatures
  A gnoll (D:1)
  3 bats (D:1)
  2 endoplasms (D:1)
  A giant cockroach (D:1)
  8 goblins
  2 hobgoblins (D:1)
  3 jackals
  4 quokkas (D:1)
  2 ball pythons (D:1)
  2 frilled lizards (D:1)
  2 kobolds (D:1)
  2 rats (D:1)
32 creatures vanquished.

Vanquished Creatures (others)
  A hobgoblin (D:2)
  A plant (D:1)
2 creatures vanquished.

Grand Total: 34 creatures vanquished

Notes
Turn   | Place    | Note
-------+----------+-------------------------------------------
     0 | D:1      | qw the Tengu Warper began the quest for the Orb.
     0 | D:1      | Reached XP level 1. HP: 12/12 MP: 4/4
     0 | D:1      | 0 ||| qw: Version: 0.1-a-89-g26bdef1
     0 | D:1      | 0 ||| qw: Game counter: 3263
     0 | D:1      | 0 ||| qw: Always use a shield: true
     0 | D:1      | 0 ||| qw: God list: Okawaru
     0 | D:1      | 0 ||| qw: Allow faded altars: false
     0 | D:1      | 0 ||| qw: Do Orc after D:15 true
     0 | D:1      | 0 ||| qw: Do second Lair branch before Depths: true
     0 | D:1      | 0 ||| qw: Lair rune preference: random
     0 | D:1      | 0 ||| qw: Plans: Normal
     0 | D:1      | 0 ||| PLANNING D:1-11
   121 | D:1      | Reached XP level 2. HP: 17/17 MP: 6/6
   122 | D:1      | 122 ||| Stepping ~*~*~tactically~*~*~ (stealth).
   130 | D:1      | Reached skill level 3 in Axes
   488 | D:1      | 488 ||| DROPPING +0 club.
   503 | D:1      | Reached XP level 3. HP: 20/21 MP: 7/7
   659 | D:1      | Reached skill level 4 in Axes
   816 | D:1      | 816 ||| Stepping ~*~*~tactically~*~*~ (stealth).
   868 | D:1      | Found a faded altar of an unknown god.
  1196 | D:1      | 1196 ||| UPGRADING to amulet of the acrobat.
  1201 | D:1      | 1201 ||| READING scroll labelled KOMMEIMIU URHO.
  1202 | D:1      | 1202 ||| READING scroll labelled UTWUJ XYOCKYE.
  1203 | D:1      | 1203 ||| DRINKING 2 lumpy yellow potions.
  1204 | D:1      | 1204 ||| DROPPING scroll of blinking.
  1205 | D:1      | 1205 ||| DROPPING potion of attraction.
  1234 | D:2      | Noticed Sigmund
  1235 | D:2      | Noticed Robin
  1241 | D:2      | HP: 3/21 [something (6)]
  1243 | D:2      | Slain by Robin

Levels and vault maps discovered:
D:1:      psy_arrival_conway, layout_basic, dreamdust_ecumenical_altar_grove,
          kennysheep_doodads
D:2:      layout_loops_ring, uniq_robin, uniq_sigmund

Skill      XL: |  1  2  3 |
---------------+----------+-----
Axes           | 3 4 |  4.3
Fighting       | |  2.0
Throwing       | |  1.0
Armour         | |  1.1
Dodging        | |  2.1
Spellcasting   | |  2.0
Translocations | |  2.4

Action                   || total
-------------------------++-------
Melee: Hand axe          ||    74
       Kick              ||    11
       Peck              ||    10
Throw: Boomerang         ||     7
  Use: Scroll            ||     2
       Potion            ||     1
Armor: Leather armour    ||    27
Dodge: Dodged            ||    53

Table legend:
 A = Non-vault XP
 B = Vault XP
 C = Vault XP percentage of total XP
 D = Non-vault monster count
 E = Vault monster count
 F = Vault count percentage of total count
                 A         B        C        D         E       F
            +---------+---------+-------+---------+---------+-------
      Total |      59 |       6 |   9.2 |      28 |       4 |  12.5
            +---------+---------+-------+---------+---------+-------
        D:1 |      57 |       0 |   0.0 |      27 |       0 |   0.0
        D:2 |       2 |       6 |  75.0 |       1 |       4 |  80.0
            +---------+---------+-------+---------+---------+-------
